 Dungeon Crawl Stone Soup version 0.26.1-11-gd32895ea62 (webtiles) character file.

Game seed: 8890153486021346698

188 Zeld the Changer (level 5, 0/34 HPs)
             Began as an Octopode Transmuter on May 28, 2021.
             Succumbed to a worker ant's poison
             ... on level 4 of the Dungeon.
             The game lasted 00:01:42 (1731 turns).

Zeld the Changer (Octopode Transmuter)              Turns: 1731, Time: 00:01:42

Health: 0/34       AC:  1    Str: 10    XL:     5   Next: 67%
Magic:  9/10       EV: 14    Int: 16    God:
Gold:   54         SH:  0    Dex: 12    Spells: 0/10 levels left

rFire    . . .     SeeInvis .     - Unarmed
rCold    + . .     Faith    .   (no shield)
rNeg     . . .     Spirit   .   (helmet restricted)
rPois    .         Reflect  .   (no amulet)
rElec    .         Harm     .   b - ring of protection from cold
rCorr    .         Rampage  .   (no ring)
Will     .....                  (no ring)
Stlth    ++........             (no ring)
HPRegen  0.11/turn              (no ring)
MPRegen  0.12/turn              (no ring)
                                (no ring)
                                (no ring)

@: lethally poisoned (0 -> -4), flying
A: almost no armour, stealthy swim, amphibious, 8 rings, constrict 8, camouflage
1, gelatinous body 1
a: no special abilities


You were on level 4 of the Dungeon.
You visited 1 branch of the dungeon, and saw 4 of its levels.

You collected 54 gold pieces.

Inventory:

Jewellery
 b - a ring of protection from cold (left tentacle)
Scrolls
 a - a scroll of fear {unknown}
 d - a scroll of remove curse {unknown}
 f - a scroll of identify {unknown}
 g - a scroll of immolation {unknown}
Potions
 c - a potion of heal wounds {unknown}
 e - a potion of magic {unknown}
 h - a potion of flight
 i - a potion of curing {unknown}


   Skills:
 + Level 2.2 Fighting
 + Level 2.8 Dodging
 - Level 3.0 Unarmed Combat
 * Level 3.4 Spellcasting
 * Level 3.6 Transmutations


You couldn't memorise any spells.
You knew the following spells:

 Your Spells              Type           Power        Failure   Level
a - Beastly Appendage     Tmut           28%          4%          1
b - Wereblood             Tmut           14%          6%          2
c - Spider Form           Tmut/Pois      4%           26%         3
d - Ice Form              Ice/Tmut       8%           65%         4

Your spell library contained the following spells:

 Spells                   Type           Power        Failure   Level
 Blade Hands              Tmut           7%           75%         5


Dungeon Overview and Level Annotations

Branches:
Dungeon (4/15)
 Temple: D:4-7

Altars:


Innate Abilities, Weirdness & Mutations

You cannot wear most types of armour.
You are very stealthy in the water. (Stealth+)
You are amphibious.
You can wear up to eight rings at the same time.
You can use your tentacles to constrict eight enemies at once.
Your skin changes colour to match your surroundings (Stealth+).
Your rubbery body absorbs attacks. (AC +1, EV +1)


Message History

You feel sick.
* * * LOW HITPOINT WARNING * * *
You feel sick.
* * * LOW HITPOINT WARNING * * *
You feel sick.
* * * LOW HITPOINT WARNING * * *
You feel sick. The ogre closely misses you.
* * * LOW HITPOINT WARNING * * *
You feel sick.
* * * LOW HITPOINT WARNING * * *
You feel sick.
There is an open door here.
It was a potion of flight.
You feel very buoyant.
You fly up into the air.
* * * LOW HITPOINT WARNING * * *
You feel sick.
* * * LOW HITPOINT WARNING * * *
You feel sick.
You die...

#..................#....(
#..#######'#######.#.####
#..# #.# #...# #..#
#####.##### #...# #..#
#...'.'...# #.#.# #..#
#.###.###.# #.#.# #..#
#.# #.# #.# #.#.##
#..###'###.###'###.#.(###
#..'o.O.@........+.......
#..###'###.###'###..#.###
#..# #.# #.# #.# #..#..
#..# #.###.###.# #..####
#..# #...'.'...# #.. #..#
#####.##### #.# #..# #.#
#. #..#######'#######
#.................


You could see an ogre and an orc.

Vanquished Creatures
  A scorpion (D:4)
  A howler monkey (D:4)
  An orc wizard (D:4)
  A worker ant (D:4)
  A gnoll (D:4)
  An adder (D:4)
  An adder skeleton (D:4)
  A dart slug (D:1)
  8 orcs
  A ball python (D:1)
  3 bats
  A goblin (D:1)
  2 hobgoblins (D:1)
  3 kobolds (D:1)
  2 rats (D:1)
28 creatures vanquished.

Notes
Turn   | Place    | Note
-------+----------+-------------------------------------------
     0 | D:1      | Zeld the Octopode Transmuter began the quest for the Orb.
     0 | D:1      | Reached XP level 1. HP: 13/13 MP: 3/3
   320 | D:1      | Reached XP level 2. HP: 18/18 MP: 5/5
   323 | D:1      | Learned a level 2 spell: Wereblood
   908 | D:4      | Reached XP level 3. HP: 23/23 MP: 4/6
   912 | D:4      | Learned a level 3 spell: Spider Form
  1289 | D:4      | Noticed a scorpion
  1297 | D:4      | Killed a scorpion
  1298 | D:4      | Reached XP level 4. HP: 28/29 MP: 0/8
  1409 | D:4      | Reached XP level 5. HP: 33/34 MP: 5/9
  1431 | D:4      | Learned a level 4 spell: Ice Form
  1695 | D:4      | Noticed an ogre
  1729 | D:4      | HP: 1/34 [poisoned by a worker ant]
  1731 | D:4      | Succumbed to a worker ant's poison

Illustrated notes

Levels and vault maps discovered:
D:1:      dpeg_arrival_chambers_temple_mockup, layout_basic,
          chequers_serial_rivers_micro_d, minmay_misc_feat_square
D:2:      layout_loops_ring
D:3:      layout_loops_cross
D:4:      layout_basic, serial_glass, glass_columns_b, glass_columns_a,
          glass_columns_c, glass_columns_c, glass_columns_b, glass_columns_a,
          glass_columns_a, glass_columns_c, glass_columns_a, glass_columns_a,
          ebering_ghost_reflecting_pool, st_stairs_9, minmay_door_square

Skill      XL: |  1  2  3  4 |
---------------+-------------+-----
Spellcasting   | 3 |  3.4
Transmutations | 3 |  3.6
Fighting       | 2 |  2.2
Dodging        | |  2.8
Unarmed Combat | |  3.0

Action                   |  1- 3 |  4- 6 || total
-------------------------+-------+-------++-------
Melee: Unarmed           |    47 |    36 ||    83
       Constrict         |    10 |     2 ||    12
       Tentacles         |     5 |     1 ||     6
       Kick              |     3 |       ||     3
 Cast: Beastly Appendage |     9 |       ||     9
       Spider Form       |     2 |     2 ||     4
  Use: Potion            |       |     1 ||     1
 Stab: Sleeping          |     1 |       ||     1
Armor: Skin              |     6 |       ||     6
Dodge: Dodged            |    37 |    23 ||    60
